 Dungeon Crawl Stone Soup version 0.24.0-1-gfbc8707122 (webtiles) character file.

Game seed: 4009656970627934029, levelgen mode: deterministic

710 Aviak the Poker (level 7, -3/43 HPs)
             Began as a Tengu Skald on Oct 27, 2019.
             Was an Initiate of Okawaru.
             Slain by a wraith (14 damage)
             ... in an ossuary.
             The game lasted 00:09:02 (5175 turns).

Aviak the Poker (Tengu Skald)                       Turns: 5175, Time: 00:09:03

Health: -3/43      AC:  3    Str: 12    XL:     7   Next: 68%
Magic:  11/12      EV: 19    Int: 13    God:    Okawaru [......]
Gold:   221        SH:  3    Dex: 15    Spells: 3/12 levels left

rFire    . . .     SeeInvis .   e - +0 trident
rCold    + . .     Gourm    .   (no shield)
rNeg     . . .     Faith    .   b - +0 leather armour
rPois    .         Spirit   .   (helmet restricted)
rElec    .         Reflect  +   (no cloak)
rCorr    .         Harm     .   (no gloves)
MR       .....                  (boots unavailable)
Stlth    +.........             g - +3 amulet of reflection
HPRegen  0.14/turn              C - ring of protection from cold
MPRegen  0.13/turn              E - +2 ring of evasion

@: infused, flying quickly and evasively, slowed, very slow
A: beak, talons 3, able to fly
a: Stop Flying, Renounce Religion


You were in an ossuary.
You worshipped Okawaru.
Okawaru was noncommittal.
You were hungry.

You visited 1 branch of the dungeon, and saw 5 of its levels.
You also visited: Ossuary.

You collected 221 gold pieces.

Inventory:

Hand Weapons
 e - a +0 trident (weapon)
Armour
 b - a +0 leather armour (worn)
Jewellery
 f - an uncursed amulet of the acrobat
 g - a +3 amulet of reflection (around neck)
 j - an uncursed ring of resist corrosion
 C - a ring of protection from cold (left hand)
 E - a +2 ring of evasion (right hand)
Scrolls
 i - 4 scrolls of identify
 k - a scroll of immolation {unknown}
 l - 2 scrolls of enchant armour {unknown}
 m - a scroll of magic mapping {unknown}
 r - 3 scrolls of remove curse
 t - 4 scrolls of teleportation
 w - a scroll of noise {unknown}
 x - a scroll of blinking
Potions
 a - a potion of flight
 h - a potion of magic {unknown}
 n - 2 potions of berserk rage {unknown}
 o - 2 potions of might {unknown}
 p - a potion of invisibility {unknown}
 s - 2 potions of mutation {unknown}
 u - 2 potions of cancellation {unknown}
 v - a potion of agility {unknown}
Comestibles
 d - 2 rations
 q - 2 chunks of flesh


   Skills:
 + Level 4.1 Fighting
 + Level 4.5 Polearms
 - Level 1.1 Armour
 + Level 4.5 Dodging
 - Level 3.0 Spellcasting
 + Level 3.8 Charms
 + Level 2.4 Necromancy


You had 3 spell levels left.
You knew the following spells:

 Your Spells              Type           Power        Failure   Level  Hunger
a - Infusion              Chrm           ##..         6%          1    #......
b - Song of Slaying       Chrm           ##......     9%          2    ###....
c - Regeneration          Chrm/Necr      ##........   24%         3    ###....
d - Spectral Weapon       Hex/Chrm       #.......     36%         3    ###....

Your spell library contained the following spells:

 Spells                   Type           Power        Failure   Level  Hunger
 Shroud of Golubria       Chrm/Tloc      #.....       21%         2    ###....


Dungeon Overview and Level Annotations

Branches:
Dungeon (5/15)            Ossuary (1/1)
 Temple: D:4-7

Altars:
Gozag
Okawaru
Sif Muna
The Shining One


Innate Abilities, Weirdness & Mutations

You have a beak for a mouth.
You have claws for feet.
You can fly continuously.


Message History

You closely miss the wraith. The wraith closely misses you.
The wraith hits you!
You hit the wraith but do no damage. The wraith hits you!
The wraith drains your vigour!
You feel yourself slow down.
You feel better. The wraith hits you!
Casting: Infusion (safe; 6% risk of failure)
Confirm with . or Enter, or press ? or * to list all spells.
You begin infusing your attacks with magical energy.
The wraith misses you. The wraith hits you.
You feel better. The wraith hits you. The wraith drains your vigour!
You feel as though you will be slow longer.
It was a potion of flight.
You feel more buoyant.
You are feeling hungry.
The wraith hits you!
* * * LOW HITPOINT WARNING * * *
The wraith drains your vigour!
You feel as though you will be slow longer.
The wraith hits you!
You die...

#############
............#
##.###.##W@# #
#.# #.#.#.#
#.###.###.###.#
#.............#
#.............#
#.###.....###.#
#.....# #.#
.###.....###.#
#.............#


You could see a wraith.

Vanquished Creatures
  A bullfrog (D:4)
  2 scorpions
  A crimson imp (D:5)
  A centaur zombie (D:5)
  4 orc priests
  4 orc wizards
  3 worker ants
  A gnoll (D:2)
  6 adders
  An ooze (D:1)
  An adder skeleton (D:5)
  4 worms
  3 leopard geckos
  11 orcs
  A ball python (D:4)
  3 giant cockroaches
  9 goblins
  3 hobgoblins
  11 jackals
  5 quokkas
  A ball python skeleton (Ossuary)
  8 bats
  5 frilled lizards
  A hobgoblin skeleton (Ossuary)
  2 hobgoblin zombies (Ossuary)
  A jackal skeleton (D:4)
  10 kobolds
  2 kobold zombies (Ossuary)
  2 orc skeletons (Ossuary)
  An orc zombie (Ossuary)
  A quokka skeleton (D:4)
  5 rats
114 creatures vanquished.

Notes
Turn   | Place    | Note
-------+----------+-------------------------------------------
     0 | D:1      | Aviak the Tengu Skald began the quest for the Orb.
     0 | D:1      | Reached XP level 1. HP: 12/12 MP: 4/4
    84 | D:1      | Reached XP level 2. HP: 10/17 MP: 0/6
    92 | D:1      | Learned a level 2 spell: Song of Slaying
   579 | D:1      | Reached XP level 3. HP: 21/21 MP: 7/7
  1223 | D:2      | Reached XP level 4. HP: 20/27 MP: 3/8
  1297 | D:2      | Learned a level 3 spell: Regeneration
  1923 | D:3      | Found an opulent altar of Gozag.
  2052 | D:3      | Gained mutation: You can fly continuously. [Tengu growth]
  2052 | D:3      | Reached XP level 5. HP: 21/32 MP: 8/10
  2957 | D:4      | Found a shimmering blue altar of Sif Muna.
  3474 | D:3      | Reached XP level 6. HP: 22/37 MP: 7/11
  3604 | D:4      | Found an iron altar of Okawaru.
  3974 | D:4      | Reached skill level 1 in Necromancy
  4316 | D:4      | Reached XP level 7. HP: 25/42 MP: 10/12
  4321 | D:4      | Learned a level 3 spell: Spectral Weapon
  4453 | D:4      | Became a worshipper of Warmaster Okawaru
  4696 | D:4      | Found a glowing golden altar of the Shining One.
  4731 | D:5      | Entered Level 5 of the Dungeon
  5012 | D:5      | Found a sand-covered staircase.
  5044 | Ossuary  | Entered an ossuary
  5128 | Ossuary  | Noticed a wraith
  5128 | Ossuary  | Noticed a flying skull
  5135 | Ossuary  | Noticed a flying skull
  5169 | Ossuary  | Noticed a wraith
  5175 | Ossuary  | Slain by a wraith

Levels and vault maps discovered:
D:1:      matt_arrival_los_fun, layout_basic
D:2:      minmay_inner_zag, layout_rooms
D:3:      layout_basic, nicolae_gozag_seed_capital
D:4:      layout_cave_pools, tso_altar,
          chequers_temple_overflow_statue_of_worship
D:5:      layout_basic, minmay_temple_entry_antechambers,
          nicolae_ossuary_entry_plus, first_ration, moated_statue
Ossuary:  ossuary_due_cavern

Skill      XL: |  1  2  3  4  5  6  7 |
---------------+----------------------+-----
Polearms       | 3 4 |  4.5
Dodging        | 3 4 |  4.5
Charms         | 3 |  3.8
Fighting       | 3 4 |  4.1
Spellcasting   | 3 |  3.0
Necromancy     | 1 2 |  2.4
Armour         | |  1.1

Action                   |  1- 3 |  4- 6 |  7- 9 || total
-------------------------+-------+-------+-------++-------
Melee: Spear             |    99 |   159 |       ||   258
       Kick              |    16 |    33 |    18 ||    67
       Peck              |     7 |    25 |    10 ||    42
       Trident           |       |    39 |    88 ||   127
 Cast: Infusion          |     5 |    17 |    10 ||    32
       Song of Slaying   |       |     3 |     1 ||     4
 Abil: Fly               |       |     1 |       ||     1
  Use: Scroll            |     2 |     5 |       ||     7
       Potion            |       |     4 |     3 ||     7
 Stab: Sleeping          |       |     3 |     7 ||    10
  Eat: Chunk             |     1 |     5 |     1 ||     7
       Ration            |       |     2 |       ||     2
Armor: Leather armour    |    14 |    18 |     3 ||    35
Dodge: Dodged            |    60 |   113 |    49 ||   222
Block: Other             |       |    17 |    11 ||    28
       Reflection        |       |     1 |       ||     1
